 Dungeon Crawl Stone Soup version 0.19.5 (webtiles) character file.

2237 Gargoyl the Chopper (level 9, -4/74 (75) HPs)
             Began as a Ghoul Abyssal Knight on May 24, 2017.
             Was an Elder of Lugonu.
             Slain by a yak (6 damage)
             ... on level 7 of the Dungeon.
             The game lasted 00:14:38 (6827 turns).

Gargoyl the Chopper (Ghoul Abyssal Knight)          Turns: 6827, Time: 00:14:39

HP:   -4/74 (75)    AC: 13    Str: 16    XL:     9   Next: 36%
MP:   12/12         EV:  4    Int: 11    God:    Lugonu [****..]
Gold: 483           SH:  7    Dex: 13    Spells: 0 memorised, 8 levels left

rFire  + . .     SeeInvis .     E - +2 war axe "Wyarphiq" {drain, rC+ Int+4}
rCold  + + .     Gourm    .     h - +0 chain mail
rNeg   + + +     Faith    .     Q - +0 shield
rPois  ∞         Spirit   .     w - +1 helmet
rElec  .         Reflect  .     (no cloak)
rCorr  .         Harm     .     M - +0 pair of gloves
MR     .....                    (no boots)
Stlth  ..........               (no amulet)
                                H - ring of protection from fire
                                l - +2 ring of dexterity

@: rotting, drained
A: rotting body, claws 1, carnivore 3, cold resistance 1, negative energy
resistance 3, slow regeneration 1, torment resistance, unbreathing
a: Depart the Abyss, Bend Space, Banish, Corrupt, Renounce Religion


You were on level 7 of the Dungeon.
You worshipped Lugonu.
Lugonu was greatly pleased with you.
You were not hungry.

You visited 1 branch of the dungeon, and saw 8 of its levels.
You visited the Abyss 1 time.

You collected 483 gold pieces.

Inventory:

Hand Weapons
 C - a +0 war axe
 E - the +2 war axe "Wyarphiq" (weapon) {drain, rC+ Int+4}
   (You found it on level 4 of the Dungeon)

   A truly terrible weapon, it drains the life of those it strikes.
   It affects your intelligence (+4).
   It protects you from cold.
 G - a +2 war axe of freezing
 K - a +1 trident of flaming
Missiles
 b - 2 javelins (quivered)
Armour
 h - a +0 chain mail (worn)
 w - a +1 helmet (worn)
 M - a +0 pair of gloves (worn)
 Q - a +0 shield (worn)
Jewellery
 l - a +2 ring of dexterity (left hand)
 H - a ring of protection from fire (right hand)
 O - an uncursed ring of ice
Wands
 a - a wand of slowing (15/48)
 u - a wand of slowing (43/48)
 B - a wand of confusion (16/48)
 D - a wand of slowing (28/48)
 J - a wand of disintegration (9/24)
 L - a wand of polymorph (14/24)
 N - a wand of flame (26/48)
Scrolls
 g - a scroll of blinking
 i - 4 scrolls of identify
 n - 7 scrolls of teleportation
 o - 4 scrolls of magic mapping
 q - a scroll of amnesia
 x - a scroll of enchant armour
 y - 4 scrolls of remove curse
Potions
 d - a potion of ambrosia
 e - a potion of haste {unknown}
 j - 2 potions of resistance {unknown}
 k - a potion of cure mutation {unknown}
 m - a potion of flight {unknown}
 p - 2 potions of invisibility
 r - a potion of lignification {unknown}
 s - 2 potions of mutation {unknown}
 t - a potion of agility {unknown}
 v - 3 potions of brilliance
 z - a potion of degeneration {unknown}
 A - 3 potions of curing
Comestibles
 c - 4 meat rations
 f - 2 royal jellies
 F - 5 beef jerkies
 I - 2 slices of pizza


   Skills:
 + Level 6.2(5.5) Fighting
 + Level 6.9(6.2) Axes
 * Level 6.0(5.3) Armour
 + Level 2.2(1.6) Dodging
 + Level 0.1(0.0) Shields
 * Level 5.6(4.9) Invocations


You had 8 spell levels left.
You didn't know any spells.

Dungeon Overview and Level Annotations

Branches:
Dungeon (8/15)             Temple (0/1) D:4
   Lair: D:8-11

Altars:
Dithmenos
Okawaru
Sif Muna
Uskayaw


Innate Abilities, Weirdness & Mutations

Your body is rotting away.
You thrive on raw meat.
You are immune to poison.
You have sharp fingernails.
You are carnivorous and can eat meat at any time.
Your flesh is cold resistant. (rC+)
You are immune to negative energy. (rN+++)
You regenerate slowly when monsters are visible.
You are immune to unholy pain and torment.
You can survive without breathing.


Message History

There is a stone staircase leading down here.
Unknown command.
Your shield and chain mail prevent you from hitting the yak.
You hit the yak. You drain the yak! You closely miss the yak.
The yak gores you. The yak gores you! The yak gores you.
The yak barely misses you.
You slash the yak!
The yak is moderately wounded.
You hit the yak. x2; You drain the yak! The yak gores you! The yak gores you.
* * * LOW HITPOINT WARNING * * *
The yak gores you!
* * * LOW HITPOINT WARNING * * *
The yak barely misses you.
Your chain mail prevents you from hitting the yak.
The yak is moderately wounded.
You hit the yak. You hit the yak but do no damage. The yak barely misses you.
The yak gores you!
* * * LOW HITPOINT WARNING * * *
The yak barely misses you. The yak gores you.
You die...

#..## #...........###
#...## #...........###
#....### ###....##.....#
##.....###.#######......
#####...............###
##.............##
#....########## #YY..#
#@Y..# ##### ##....###
##....
#.......######...##
#...###.........## #...#
####.......##
##...#######...##..#
######.............####..
####.................##
##.
###....................##
##


You could see 3 yaks.

Vanquished Creatures
  A yak (D:7)
  The ghost of maxonian the Digger, an amateur FoEE (D:4)
  The ghost of zeros the Magician, an amateur DEWz (D:3)
  A sky beast (D:6)
  2 ice beasts
  An orc warrior (D:6)
  A black bear (D:7)
  A necrophage (D:7)
  A centaur (D:5)
  A crocodile (D:8)
  3 bullfrogs
  A scorpion (D:7)
  A water moccasin skeleton (D:4)
  2 howler monkeys
  3 crimson imps
  A hound (D:4)
  A jelly (D:5)
  3 orc priests
  6 orc wizards
  Ijyb (D:3)
  A worker ant (D:5)
  An iguana (D:6)
  A hound zombie (D:7)
  Robin (D:2)
  3 gnolls (D:4)
  A river rat (D:8)
  8 adders
  2 shadow imps (D:5)
  2 adder skeletons
  4 worms
  3 dart slugs
  2 leopard geckos
  27 orcs
  8 bats
  5 giant cockroaches
  21 goblins
  5 hobgoblins
  6 jackals
  4 quokkas
  3 ball pythons
  8 frilled lizards
  2 jackal skeletons (D:4)
  10 kobolds
  9 rats
170 creatures vanquished.

Vanquished Creatures (others)
  2 fungi (D:8)
  2 plants (D:8)
4 creatures vanquished.

Grand Total: 174 creatures vanquished

Notes
Turn   | Place    | Note
-------+----------+-------------------------------------------
     0 | Abyss:1  | Gargoyl the Ghoul Abyssal Knight began the quest for the Orb.
     0 | Abyss:1  | Reached XP level 1. HP: 19/19 MP: 1/1
   121 | Abyss:1  | Noticed a freezing wraith
   141 | Abyss:2  | Noticed a red devil
   176 | Abyss:2  | Noticed a bone dragon
   180 | Abyss:2  | Noticed a tentacled starspawn
   193 | Abyss:2  | Noticed a raiju
   194 | Abyss:2  | Noticed a worldbinder
   198 | Abyss:2  | Noticed a swamp drake
   243 | Abyss:2  | Noticed a spatial vortex
   251 | Abyss:2  | Noticed an iron imp
   257 | Abyss:2  | Noticed a quasit
   276 | Abyss:2  | Noticed a wretched star
   314 | Abyss:2  | Noticed a bone dragon
   314 | D:1      | Escaped the Abyss
   597 | D:1      | Reached skill level 1 in Dodging
   597 | D:1      | Reached XP level 2. HP: 24/24 MP: 2/2
   936 | D:1      | Reached * piety under Lugonu
  1189 | D:2      | Reached XP level 3. HP: 33/33 MP: 3/3
  1207 | D:2      | Noticed Robin
  1366 | D:2      | Reached XP level 4. HP: 37/40 MP: 4/4
  1570 | D:2      | Killed Robin
  1645 | D:2      | Reached ** piety under Lugonu
  2268 | D:3      | Reached XP level 5. HP: 45/46 MP: 6/6
  2290 | D:3      | Noticed an ice beast
  2311 | D:3      | Killed an ice beast
  2311 | D:3      | Reached XP level 6. HP: 44/51 MP: 7/7
  2528 | D:3      | Noticed Ijyb
  2546 | D:3      | Killed Ijyb
  2639 | D:3      | Noticed zeros's ghost (amateur DEWz)
  2653 | D:3      | Killed zeros's ghost
  2713 | D:3      | Found an iron altar of Okawaru.
  2826 | D:4      | Reached XP level 7. HP: 55/60 MP: 8/8
  2886 | D:4      | Reached *** piety under Lugonu
  2917 | D:4      | Noticed maxonian's ghost (amateur FoEE)
  2954 | D:4      | Killed maxonian's ghost
  3010 | D:4      | Found a staircase to the Ecumenical Temple.
  3115 | D:4      | Got an encrusted war axe
  3116 | D:4      | Identified the +2 war axe "Wyarphiq" {drain, rC+ Int+4} (You found it on level 4 of the Dungeon)
  3169 | D:4      | Reached skill level 5 in Fighting
  3572 | D:5      | Entered Level 5 of the Dungeon
  3590 | D:5      | Reached skill level 5 in Axes
  3590 | D:5      | Reached XP level 8. HP: 61/68 MP: 10/10
  4079 | D:5      | Found a deep blue altar of Sif Muna.
  4380 | D:6      | Reached skill level 5 in Invocations
  4898 | D:6      | Reached skill level 5 in Armour
  5030 | D:6      | Reached **** piety under Lugonu
  5304 | D:7      | Reached XP level 9. HP: 75/75 MP: 11/11
  5566 | D:7      | Found a shadowy altar of Dithmenos.
  5636 | D:7      | Got an ichor-stained buckler
  5642 | D:7      | Identified the cursed -2 buckler of Nobility {*Drain rN+ rCorr} (You found it on level 7 of the Dungeon)
  6640 | D:8      | Found a hide-covered altar of Uskayaw.
  6827 | D:7      | HP: 2/74 [yak (9)]
  6827 | D:7      | Slain by a yak

Skill      XL: |  1  2  3  4  5  6  7  8  9 |
---------------+----------------------------+-----
Armour         | 2 3 4 5 6 |  6.0
Dodging        | 1 2 |  2.2
Axes           | 2 3 4 5 6 |  6.9
Fighting       | 4 5 6 |  6.2
Invocations    | 3 4 5 |  5.6
Shields        | |  0.1

Action                   |  1- 3 |  4- 6 |  7- 9 || total
-------------------------+-------+-------+-------++-------
Melee: Hand axe          |   123 |   156 |    60 ||   339
       War axe           |       |       |   243 ||   243
Invok: Depart the Abyss  |     1 |       |       ||     1
  Use: Scroll            |     9 |     3 |     9 ||    21
       Potion            |       |       |     1 ||     1
 Stab: Distracted        |       |       |     1 ||     1
  Eat: Chunk             |    20 |    16 |    37 ||    73
Armor: Chain mail        |   126 |   113 |   231 ||   470
       Leather armour    |     4 |       |       ||     4
Dodge: Dodged            |    70 |    62 |   137 ||   269
Block: Shield            |       |       |    13 ||    13
